Map: Ever Dream LE

Players

antagomiR

  • Race: Protoss Protoss
  • League: Gold
  • Spawn Location: 1:00

SparrowKing - Winner!

  • Race: Protoss Protoss
  • Spawn Location: 7:00

VOD

Have the link to the VOD?

Description

Time

  • Played on: April 19, 2020, 2:36 p.m.
  • Length: 8:36
Show
View Real Time Build Order
Export as new Build Order

antagomiR Protoss 

Build Orders:  

Get SALT Encoding   

  12  0:00  Probe  
  13  0:13  Probe  
  14  0:19  Pylon  
  14  0:25  Probe  
  15  0:37  Gateway  
  15  0:41  Probe (Chrono Boost)  
  16  0:52  Assimilator  
  16  0:53  Probe (Chrono Boost)  
  17  1:09  Probe  
  18  1:13  Assimilator  
  18  1:22  Probe  
  19  1:33  Cybernetics Core  
  19  1:37  Probe, Gateway  
  20  1:42  Pylon  
  20  1:49  Probe  
  21  2:02  Probe  
  22  2:11  Warp Gate  
  22  2:14  Probe  
  22  2:15  Stalker  
  25  2:27  Probe  
  26  2:44  Nexus  
  26  2:49  Stalker  
  28  2:58  Pylon  
  27  3:07  Probe  
  28  3:19  Probe  
  29  3:23  Robotics Facility  
  29  3:32  Probe  
  28  3:51  Sentry x2  
  28  3:55  Probe  
  32  4:07  Probe x2  
  34  4:13  Observer  
  35  4:19  Probe x2  
  39  4:31  Probe x2  
  39  4:34  Observer  
  39  4:36  Gateway  
  40  4:41  Twilight Council  
  40  4:42  Pylon  
  40  4:46  Stalker  
  42  4:55  Immortal  
  42  4:58  Probe x2  
  48  5:10  Probe x2, Stalker x2  
  54  5:22  Probe x2  
  54  5:24  Pylon  
  56  5:33  Phoenix  
  56  5:34  Probe  
  56  5:35  Immortal  
  60  5:39  Stalker  
  62  5:46  Assimilator  
  62  5:47  Probe x2  
  62  5:48  Assimilator  
  64  5:52  Pylon  
  64  5:59  Probe x2  
  64  6:01  Charge (Chrono Boost)  
  66  6:09  Pylon  
  66  6:11  Probe x2, Pylon  
  68  6:14  Observer  
  69  6:23  Probe x2  
  71  6:35  Probe x2  
  73  6:44  Immortal (Chrono Boost)  
  77  6:51  Forge  
  77  7:04  Shield Battery  
  77  7:05  Pylon  
  76  7:14  Immortal  
  76  7:16  Stalker x2  
  76  7:17  Stalker  
  74  7:40  Zealot x3  
  30  8:29  Pylon  
  30  8:32  Pylon  
Show
View Real Time Build Order
Export as new Build Order

SparrowKing Protoss - Winner!

Build Orders: Blink Stalkers 

Get SALT Encoding   

  12  0:01  Probe  
  13  0:13  Probe  
  14  0:18  Pylon  
  14  0:25  Probe  
  15  0:37  Probe (Chrono Boost)  
  15  0:40  Gateway  
  16  0:49  Probe (Chrono Boost)  
  17  0:51  Assimilator  
  17  0:55  Probe (Chrono Boost)  
  18  0:58  Assimilator  
  18  1:03  Probe  
  19  1:15  Probe  
  19  1:16  Gateway  
  20  1:27  Probe  
  21  1:37  Cybernetics Core  
  22  1:40  Probe  
  22  1:50  Pylon  
  22  1:52  Probe  
  23  2:20  Nexus  
  23  2:22  Twilight Council  
  25  2:31  Adept (Chrono Boost)  
  25  2:33  Adept (Chrono Boost)  
  25  2:36  Warp Gate  
  27  2:52  Robotics Facility  
  27  2:57  Pylon  
  27  3:03  Probe (Chrono Boost)  
  28  3:13  Probe (Chrono Boost)  
  28  3:22  Probe (Chrono Boost)  
  28  3:25  Blink  
  29  3:32  Probe (Chrono Boost)  
  30  3:37  Probe (Chrono Boost)  
  29  3:58  Probe (Chrono Boost)  
  29  4:02  Stalker x2  
  35  4:04  Probe (Chrono Boost)  
  35  4:08  Probe (Chrono Boost)  
  35  4:09  Pylon  
  36  4:12  Probe (Chrono Boost)  
  36  4:14  Gateway  
  36  4:16  Gateway  
  37  4:23  Probe (Chrono Boost)  
  39  4:26  Probe (Chrono Boost)  
  39  4:29  Warp Prism  
  41  4:35  Probe (Chrono Boost)  
  42  4:41  Sentry  
  42  4:44  Stalker  
  46  4:46  Probe x2  
  48  4:58  Probe x2  
  50  5:05  Forge, Observer (Chrono Boost)  
  51  5:12  Stalker  
  51  5:13  Stalker  
  55  5:16  Stalker  
  55  5:20  Immortal (Chrono Boost)  
  61  5:32  Pylon  
  61  5:35  Pylon  
  61  5:36  Pylon  
  61  5:52  Stalker x3  
  61  5:53  Stalker  
  61  5:56  Immortal (Chrono Boost)  
  73  6:21  Assimilator  
  73  6:23  Assimilator  
  73  6:27  Immortal (Chrono Boost), Stalker  
  73  6:28  Stalker  
  81  6:33  Gateway  
  81  6:35  Gateway  
  81  6:47  Zealot  
  81  6:48  Zealot  
  85  7:06  Pylon  
  85  7:08  Pylon  
  85  7:09  Pylon  
  85  7:25  Immortal  
  75  8:26  Stalker  
  75  8:27  Stalker x4  
Tags
 
Composition
Blink Stalkers
League
Gold
Matchup
PvP
Replay Pack
20200422
Spawn Locations
Cross Positions
Add a new tag
Caveats
  • Supply blocks, unpowered buildings, or Contaminate may cause inaccurate times.
  • Supply counts are checked every 10 seconds.